 Dungeon Crawl Stone Soup version 0.22-a0-284-g99d1f74 (webtiles) character file.

342 Amnesiac the Magician (level 6, -1/37 HPs)
             Began as a Deep Elf Wizard on Mar 21, 2018.
             Shot with an arrow by a centaur (12 damage)
             ... on level 4 of the Dungeon.
             The game lasted 00:06:00 (3923 turns).

Amnesiac the Magician (Deep Elf Wizard)             Turns: 3923, Time: 00:06:01

Health: -1/37      AC:  2    Str:  4    XL:     6   Next: 30%
Magic:  1/14       EV: 13    Int: 25    God:
Gold:   193        SH:  0    Dex: 13    Spells: 3/14 levels left

rFire    . . .     SeeInvis +   o - staff of air
rCold    . . .     Gourm    .   (no shield)
rNeg     . . .     Faith    .   a - +0 robe
rPois    .         Spirit   .   b - +0 hat
rElec    +         Reflect  .   (no cloak)
rCorr    .         Harm     .   (no gloves)
MR       .....                  (no boots)
Stlth    ++........             (no amulet)
HPRegen  0.12/turn              l - ring of see invisible
MPRegen  0.14/turn              (no ring)

@: no status effects
A: no striking features
a: no special abilities


You were on level 4 of the Dungeon.
You were not hungry.

You visited 1 branch of the dungeon, and saw 4 of its levels.

You collected 193 gold pieces.

Inventory:

Missiles
 m - 34 poisoned needles
Armour
 a - a +0 robe (worn)
 b - a +0 hat (worn)
Magical Staves
 o - an uncursed staff of air (weapon)
Jewellery
 l - a ring of see invisible (left hand)
Scrolls
 c - a scroll of random uselessness {!r, unknown}
 e - a scroll of noise {!r, unknown}
 f - a scroll of immolation {!r, unknown}
 g - a scroll of enchant armour {!r, unknown}
 h - a scroll of fear {!r, unknown}
 i - a scroll of fog {!r, unknown}
 j - 2 scrolls of magic mapping {!r, unknown}
 p - a scroll of identify {!r}
Potions
 n - a potion of ambrosia {!q}
Comestibles
 d - 7 rations


   Skills:
 * Level 3.4 Fighting
 + Level 3.4 Dodging
 - Level 2.4 Stealth
 - Level 4.5 Spellcasting
 - Level 4.5 Conjurations
 - Level 1.1 Summonings
 - Level 1.1 Translocations


You had 3 spell levels left.
You knew the following spells:

 Your Spells              Type           Power        Failure   Level  Hunger
a - Magic Dart            Conj           ####         1%          1    None
b - Call Imp              Summ           ##......     9%          2    None
e - Mephitic Cloud        Conj/Pois/Air  ###.....     14%         3    ##.....
s - Conjure Flame         Conj/Fire      ###.....     11%         3    ##.....
v - Blink                 Tloc           N/A          9%          2    None


Dungeon Overview and Level Annotations

Branches:
Dungeon (4/15)
 Temple: D:4-7

Altars:
Elyvilon
Nemelex Xobeh

Annotations:
D:4 Blork the orc, Menkaure


Message History

The magic dart hits the hound.
You kill the hound!
Your crimson imp blinks!
You swap places.
The orc completely misses your crimson imp.
Your crimson imp blinks!
You swap places.
Your crimson imp disappears in a puff of smoke!
The orc barely misses your crimson imp.
The orc hits your crimson imp with a hand axe.
Your crimson imp blinks!
Your crimson imp blinks!
Casting: Magic Dart (safe; 1% risk of failure)
Confirm with . or Enter, or press ? or * to list all spells.
A beastly little devil appears in a puff of flame.
The orc closely misses your crimson imp.
The orc hits your crimson imp with a hand axe.
The orc barely misses your crimson imp.
Your crimson imp disappears in a puff of smoke!
The orc barely misses your crimson imp. The orc barely misses your crimson imp.
The orc closely misses your crimson imp.
Your crimson imp blinks!
The orc hits you with a hand axe.
* * * LOW HITPOINT WARNING * * *
The orc hits your crimson imp with a hand axe.
Casting: Call Imp (safe; 9% risk of failure)
Confirm with . or Enter, or press ? or * to list all spells.
Aiming: Magic Dart (safe; 1% risk of failure)
Press: ? - help, Shift-Dir - straight line, f - orc
Aim: an orc, wielding a hand axe and wearing a ring mail (moderately wounded)
The magic dart hits the orc.
The orc is heavily wounded.
The orc closely misses your crimson imp.
Casting: Magic Dart (safe; 1% risk of failure)
Confirm with . or Enter, or press ? or * to list all spells.
You don't have enough magic to cast that spell.
Casting: Magic Dart (safe; 1% risk of failure)
Confirm with . or Enter, or press ? or * to list all spells.
You don't have enough magic to cast that spell.
The orc closely misses your crimson imp.
The orc closely misses your crimson imp.
The orc misses your crimson imp.
The orc closely misses your crimson imp.
A centaur comes into view. It is wielding a quarterstaff.
The orc barely misses your crimson imp.
The centaur shouts!
The centaur unwields an uncursed quarterstaff.
The centaur wields a shortbow.
The centaur shoots an arrow.
The arrow misses you. The orc barely misses your crimson imp.
The centaur shoots an arrow.
The arrow hits you!
* * * LOW HITPOINT WARNING * * *
You see here an arrow.
Really quaff
k - a sapphire potion {!q}?
It was a potion of heal wounds {!q}.
You feel much better.
Menkaure calls on the powers of darkness!
Your body is wracked with pain!
* * * LOW HITPOINT WARNING * * *
The centaur shoots an arrow.
The arrow hits you.
* * * LOW HITPOINT WARNING * * *
The orc barely misses your crimson imp.
The orc dies!
The centaur shoots an arrow.
The arrow hits you!
You die...

#### ..# ## #.# .###
#<## #..####.#### #
....M##<#........#.#
.#.##.#.)# #.##c#.#
.... #.### #......#
......)# #@# .##.##.#
####(###
....##.######......###
.# .#................#
....#####.......######.
o.. #..()..........
#.... #..5...........
#...M..........
#.......######...


You could see Menkaure, a centaur and a friendly crimson imp.

Vanquished Creatures
  2 hounds
  An orc priest (D:4)
  2 orc wizards (D:3)
  5 adders
  2 worms
  2 dart slugs
  2 leopard geckos
  8 orcs
  A ball python (D:1)
  7 giant cockroaches
  5 hobgoblins
  A quokka (D:3)
  4 bats
  4 frilled lizards
  9 goblins
  11 kobolds
  5 rats
71 creatures vanquished.

Vanquished Creatures (collateral kills)
  An ogre (D:4)
  An orc wizard (D:3)
  A worker ant (D:3)
  An orc (D:4)
4 creatures vanquished.

Grand Total: 75 creatures vanquished

Notes
Turn   | Place    | Note
-------+----------+-------------------------------------------
     0 | D:1      | Amnesiac the Deep Elf Wizard began the quest for the Orb.
     0 | D:1      | Reached XP level 1. HP: 10/10 MP: 7/7
   316 | D:1      | Reached XP level 2. HP: 16/16 MP: 1/9
   320 | D:1      | Learned a level 2 spell: Blink
   323 | D:1      | Learned a level 2 spell: Call Imp
   375 | D:1      | Reached skill level 1 in Fighting
  1219 | D:2      | Reached XP level 3. HP: 21/21 MP: 4/11
  1386 | D:2      | Found a white marble altar of Elyvilon.
  1964 | D:3      | Reached XP level 4. HP: 27/27 MP: 4/12
  1973 | D:2      | Learned a level 3 spell: Conjure Flame
  1977 | D:2      | Learned a level 3 spell: Mephitic Cloud
  2370 | D:3      | Reached XP level 5. HP: 31/31 MP: 10/13
  2437 | D:3      | Found a sparkling altar of Nemelex Xobeh.
  3204 | D:4      | Noticed Menkaure
  3324 | D:3      | Reached XP level 6. HP: 18/37 MP: 0/14
  3805 | D:4      | Noticed Blork the orc
  3921 | D:4      | HP: 1/37 [centaur/arrow (15)]
  3923 | D:4      | Shot with an arrow by a centaur

Vault maps used:
D:1:      minmay_arrival_widening_spiral_wide
D:2:      marbit_many_paths
D:3:      nicolae_overflow_hidden_temple
D:4:      serial_shops, shop, minivault_4, yredelemnul_altar_generic,
          uniq_blork_the_orc, uniq_menkaure

Skill      XL: |  1  2  3  4  5 |
---------------+----------------+-----
Fighting       | 1 2 3 |  3.4
Conjurations   | 2 3 4 |  4.5
Dodging        | 3 |  3.4
Stealth        | |  2.4
Spellcasting   | |  4.5
Summonings     | |  1.1
Translocations | |  1.1

Action                   |  1- 3 |  4- 6 || total
-------------------------+-------+-------++-------
Melee: Unarmed           |     5 |       ||     5
       Staff             |       |    12 ||    12
 Cast: Magic Dart        |    93 |    95 ||   188
       Call Imp          |     3 |    12 ||    15
       Mephitic Cloud    |       |     4 ||     4
       Blink             |       |     3 ||     3
       Conjure Flame     |       |     1 ||     1
  Use: Scroll            |       |     1 ||     1
       Potion            |       |     1 ||     1
 Stab: Distracted        |       |     1 ||     1
  Eat: Chunk             |     3 |     6 ||     9
Armor: Robe              |     1 |     5 ||     6
Dodge: Dodged            |    15 |    52 ||    67

Table legend:
 A = Spawn XP
 B = Non-spawn XP
 C = Spawn XP percentage of total XP
 D = Spawn monster count
 E = Non-spawn monster count
 F = Spawn count percentage of total count
 G = Total turns spent on level
                    A         B        C        D         E        F      G
               +---------+---------+-------+---------+---------+-------+---------
         Total |       0 |     489 |   0.0 |       0 |      75 |   0.0 |  3923
               +---------+---------+-------+---------+---------+-------+---------
           D:1 |       0 |      22 |   0.0 |       0 |      15 |   0.0 |   965
           D:2 |       0 |      61 |   0.0 |       0 |      23 |   0.0 |  1042
           D:3 |       0 |     249 |   0.0 |       0 |      28 |   0.0 |  1736
           D:4 |       0 |     157 |   0.0 |       0 |       9 |   0.0 |   180
               +---------+---------+-------+---------+---------+-------+---------
